Map: Acropolis LE

Players

MCanning

  • Race: Protoss Protoss
  • Spawn Location: 5:00

HolyHit - Winner!

  • Race: Protoss Protoss
  • Spawn Location: 11:00

VOD

Have the link to the VOD?

Description

Time

  • Played on: Sept. 6, 2019, 1:57 p.m.
  • Length: 9:58
Show
View Real Time Build Order
Export as new Build Order

MCanning Protoss 

Build Orders:  

Get SALT Encoding   

  12  0:00  Probe  
  13  0:13  Probe  
  14  0:17  Pylon  
  14  0:25  Probe  
  15  0:33  Probe  
  15  0:37  Gateway  
  15  0:41  Probe  
  16  0:47  Assimilator  
  17  0:51  Probe  
  17  0:55  Assimilator  
  18  0:59  Probe  
  19  1:07  Probe  
  19  1:11  Gateway  
  19  1:17  Probe  
  20  1:25  Cybernetics Core  
  21  1:29  Probe  
  22  1:36  Pylon  
  22  1:41  Probe  
  24  1:54  Probe  
  24  1:55  Warp Gate  
  24  2:02  Stalker  
  24  2:03  Sentry  
  24  2:07  Probe  
  29  2:15  Pylon  
  29  2:21  Pylon  
  29  2:29  Stalker  
  31  2:34  Stalker  
  33  2:55  Probe  
  34  3:05  Nexus  
  34  3:09  Shield Battery, Probe  
  34  3:17  Probe  
  30  3:22  Sentry  
  30  3:23  Sentry  
  30  3:26  Probe  
  35  3:33  Robotics Facility  
  36  3:38  Probe  
  37  3:48  Pylon  
  37  3:51  Probe  
  38  4:03  Pylon, Probe  
  38  4:08  Immortal  
  39  4:15  Probe  
  45  4:31  Stalker x2  
  42  4:41  Immortal  
  40  4:48  Probe  
  40  4:57  Stalker  
  40  5:01  Adept  
  42  5:10  Shield Battery  
  42  5:20  Probe  
  37  5:23  Warp Prism  
  37  5:27  Adept  
  37  5:28  Adept  
  35  5:37  Probe  
  35  5:47  Shield Battery  
  35  5:51  Shield Battery  
  35  5:54  Sentry x2  
  35  5:55  Probe  
  40  6:00  Pylon  
  40  6:03  Probe  
  41  6:07  Probe  
  43  6:11  Observer  
  43  6:15  Probe  
  43  6:17  Probe  
  44  6:22  Robotics Bay  
  45  6:28  Probe x2  
  45  6:30  Shield Battery  
  47  6:38  Probe  
  47  6:39  Stalker  
  49  6:42  Probe  
  45  7:04  Probe  
  45  7:11  Disruptor  
  48  7:16  Probe  
  48  7:20  Probe  
  48  7:26  Gateway  
  48  7:27  Gateway  
  48  7:33  Assimilator  
  48  7:37  Disruptor, Stalker  
  50  7:38  Probe  
  50  7:40  Probe  
  55  7:52  Probe  
  55  7:54  Probe, Assimilator  
  57  8:02  Adept  
  57  8:04  Probe  
  60  8:08  Adept  
  60  8:12  Probe  
  59  8:13  Probe  
  60  8:21  Probe  
  60  8:24  Probe  
  62  8:28  Disruptor  
  62  8:30  Probe  
  66  8:34  Pylon  
  66  8:36  Probe  
  66  8:40  Zealot  
  69  8:43  Probe  
  70  8:49  Gateway  
  70  8:52  Probe  
  70  8:53  Robotics Facility  
  70  8:55  Probe  
  72  9:02  Shield Battery  
  72  9:04  Probe  
  69  9:10  Stalker x3  
  69  9:12  Probe  
  73  9:22  Disruptor  
  73  9:27  Nexus  
  73  9:34  Probe  
  75  9:42  Twilight Council  
  75  9:45  Probe  
  77  9:53  Pylon  
Show
View Real Time Build Order
Export as new Build Order

HolyHit Protoss - Winner!

Build Orders: Chargelot Immortal 

Get SALT Encoding   

  12  0:00  Probe  
  13  0:12  Probe  
  14  0:18  Pylon  
  14  0:24  Probe  
  15  0:32  Probe  
  15  0:37  Gateway  
  15  0:40  Probe  
  16  0:47  Assimilator  
  17  0:51  Probe  
  17  0:55  Assimilator  
  18  1:00  Probe  
  19  1:08  Probe  
  19  1:09  Gateway  
  19  1:17  Probe  
  20  1:25  Cybernetics Core  
  21  1:29  Probe  
  22  1:34  Pylon  
  22  1:42  Probe  
  23  1:54  Probe  
  24  2:01  Adept x2  
  26  2:03  Warp Gate  
  28  2:12  Pylon  
  28  2:19  Pylon  
  28  2:31  Sentry, Stalker  
  28  2:35  Pylon  
  32  2:57  Stalker  
  34  2:58  Gateway  
  34  3:01  Sentry  
  36  3:17  Nexus  
  34  3:26  Probe  
  32  3:31  Robotics Facility  
  33  3:35  Probe  
  34  3:52  Stalker x2  
  38  3:55  Sentry  
  38  4:00  Probe  
  41  4:12  Probe  
  41  4:15  Stalker  
  41  4:16  Stalker  
  46  4:20  Observer  
  47  4:29  Probe  
  48  4:33  Probe  
  49  4:44  Probe  
  50  4:46  Adept  
  50  4:47  Adept  
  50  4:50  Probe  
  53  4:56  Probe  
  53  4:57  Adept  
  54  5:01  Warp Prism  
  54  5:02  Probe  
  57  5:08  Probe  
  58  5:14  Probe  
  49  5:30  Probe  
  49  5:33  Immortal, Adept x2  
  52  5:36  Probe  
  52  5:37  Forge  
  52  5:40  Twilight Council  
  53  5:43  Probe  
  53  5:45  Observer  
  53  5:48  Probe  
  59  5:55  Probe  
  60  5:57  Assimilator  
  60  6:00  Assimilator  
  60  6:02  Pylon  
  60  6:04  Pylon  
  60  6:10  Stargate  
  60  6:14  Protoss Ground Weapons Level 1  
  60  6:19  Observer  
  60  6:20  Immortal  
  60  6:24  Shield Battery  
  64  6:27  Probe  
  65  6:32  Adept  
  65  6:33  Adept  
  65  6:37  Pylon  
  69  6:41  Probe  
  69  6:45  Probe  
  70  6:57  Phoenix  
  70  6:58  Probe  
  70  6:59  Immortal  
  73  7:10  Charge  
  73  7:14  Probe  
  74  7:17  Probe  
  73  7:25  Phoenix  
  73  7:29  Immortal  
  75  7:30  Gateway  
  75  7:33  Gateway  
  75  7:43  Nexus  
  79  7:47  Adept  
  81  7:52  Phoenix  
  81  7:56  Pylon  
  83  8:08  Observer  
  80  8:17  Phoenix  
  80  8:18  Gateway  
  82  8:21  Gateway  
  82  8:22  Gateway  
  82  8:28  Shield Battery  
  82  8:34  Templar Archives  
  82  8:42  Phoenix  
  82  8:44  Probe  
  85  8:49  Pylon  
  85  8:52  Pylon  
  85  8:58  Immortal  
  89  9:17  Zealot  
  89  9:18  Zealot x5  
  89  9:22  Phoenix  
  89  9:24  Probe x2  
  105  9:43  Zealot x6  
  117  9:49  Pylon  
Tags
 
Add a new tag
Caveats
  • Supply blocks, unpowered buildings, or Contaminate may cause inaccurate times.
  • Supply counts are checked every 10 seconds.